 Dungeon Crawl Stone Soup version 0.21-a0-417-g0adc95b (webtiles) character file.

377 Ijustatesigmund the Sneak (level 6, 0/42 HPs)
             Began as an Octopode Assassin on Nov 3, 2017.
             Was a Follower of Okawaru.
             Slain by an orc warrior
             ... wielding a +0 halberd
              (5 damage)
             ... on level 4 of the Dungeon.
             The game lasted 00:05:00 (2523 turns).

Ijustatesigmund the Sneak (Octopode Assassin)       Turns: 2523, Time: 00:05:01

Health: 0/42       AC:  4    Str: 10    XL:     6   Next: 73%
Magic:  8/8        EV: 15    Int: 14    God:    Okawaru [*.....]
Gold:   187        SH:  0    Dex: 15    Spells: 5/5 levels left

rFire    . . .     SeeInvis .   a - +2 dagger
rCold    . . .     Gourm    .   (no shield)
rNeg     . . .     Faith    .   (helmet restricted)
rPois    .         Spirit   .   (no amulet)
rElec    .         Reflect  .   (no ring)
rCorr    .         Harm     .   (no ring)
MR       .....                  (no ring)
Stlth    +++++.....             (no ring)
HPRegen  0.14/turn              (no ring)
MPRegen  0.11/turn              (no ring)
                                (no ring)
                                (no ring)

@: no status effects
A: almost no armour, stealthy swim, amphibious, 8 rings, constrict 8, rugged
brown scales 1, thin metallic scales 1, camouflage 1, gelatinous body 1
a: Heroism, Renounce Religion


You were on level 4 of the Dungeon.
You worshipped Okawaru.
Okawaru was aware of your devotion.
You were not hungry.

You visited 1 branch of the dungeon, and saw 4 of its levels.

You collected 187 gold pieces.

Inventory:

Hand Weapons
 a - a +2 dagger (weapon)
 b - a +0 blowgun
Missiles
 c - 8 poisoned needles
 d - 2 curare-tipped needles
 l - 4 javelins (quivered)
Scrolls
 k - a scroll of identify
Potions
 e - 2 potions of lignification
 j - a potion of mutation
Books
 g - Hof Ima's Tome of Beguiling and Poison
   (You found it on level 4 of the Dungeon)

   Spells                             Type                      Level
   a - Corona                         Hexes                        1
   b - Mephitic Cloud                 Conjuration/Poison/Air       3
   c - Tukima's Dance                 Hexes                        3
   d - Metabolic Englaciation         Hexes/Ice                    5
   e - Discord                        Hexes                        8
Comestibles
 f - 2 bread rations
 h - a meat ration
 i - 3 fruits
 m - a chunk of flesh


   Skills:
 + Level 2.4 Fighting
 + Level 2.4 Short Blades
 - Level 2.0 Throwing
 - Level 3.8 Dodging
 - Level 7.6 Stealth
 - Level 3.2 Invocations


You had 5 spell levels left.
You didn't know any spells.

Dungeon Overview and Level Annotations

Branches:
Dungeon (4/15)
 Temple: D:4-7

Altars:
Elyvilon
Hepliaklqana
Okawaru

Annotations:
D:3 Grinder; WhiffAndRun's ghost, amateur HuWn


Innate Abilities, Weirdness & Mutations

You cannot wear most types of armour.
You are very stealthy in the water. (Stealth+)
You are amphibious.
You can wear up to eight rings at the same time.
You can use your tentacles to constrict eight enemies at once.
Your skin changes colour to match your surroundings (Stealth+).
Your rubbery body absorbs attacks. (AC +1, EV +1)
You are partially covered in rugged brown scales. (AC +1, +3% HP)
You are partially covered in thin metallic scales. (AC +2)


Message History

You are too injured to fight recklessly!
You are too injured to fight recklessly!
You are too injured to fight recklessly!
You hit the orc warrior but do no damage.
The orc warrior is lightly wounded.
You constrict the orc warrior, but do no damage.
The orc priest mumbles some strange prayers to Beogh against you.
Beogh smites you!
* * * LOW HITPOINT WARNING * * *
Okay, then.
Okay, then.
Okay, then.
Okay, then.
You release your grip on the orc warrior.
The orc warrior hits you from afar with a halberd.
* * * LOW HITPOINT WARNING * * *
You feel like a meek peon again.
There is a stone staircase leading down here.
The orc warrior hits you from afar with a halberd.
You die...

,.............#
,............##
*...........##
*#.........##
*.......#.######
*#....####..##.##
##..#* ##.....#
###* ##......#
##......@##
#.........#
##......o.#
#.....o..#
##.....o.#
#.......#
##......#
##.....# #....##


You could see an orc warrior, an orc priest and an orc.

Vanquished Creatures
  Menkaure (D:4)
  2 orc priests (D:3)
  A centaur skeleton (D:4)
  An iguana (D:4)
  A worker ant (D:4)
  3 adders
  4 dart slugs
  2 leopard geckos
  3 orcs (D:3)
  5 bats
  3 giant cockroaches
  7 goblins
  9 hobgoblins
  13 jackals
  7 kobolds
  A quokka (D:2)
  3 ball pythons
  9 frilled lizards
  7 rats
82 creatures vanquished.

Notes
Turn   | Place    | Note
-------+----------+-------------------------------------------
     0 | D:1      | Ijustatesigmund the Octopode Assassin began the quest for the Orb.
     0 | D:1      | Reached XP level 1. HP: 14/14 MP: 1/1
    64 | D:1      | Reached XP level 2. HP: 17/19 MP: 2/2
   418 | D:1      | Reached skill level 6 in Stealth
   501 | D:1      | Reached XP level 3. HP: 24/24 MP: 3/3
   544 | D:2      | Found a white marble altar of Elyvilon.
   626 | D:2      | Found an iron altar of Okawaru.
   631 | D:2      | Became a worshipper of Warmaster Okawaru
   998 | D:2      | Reached skill level 1 in Invocations
   998 | D:2      | Reached XP level 4. HP: 25/29 MP: 4/4
  1537 | D:3      | Found a hazy altar of Hepliaklqana.
  1598 | D:3      | Found a faded altar of an unknown god.
  1662 | D:3      | Reached XP level 5. HP: 34/34 MP: 6/6
  1973 | D:3      | Noticed Grinder
  1986 | D:3      | Paralysed by Grinder for 5 turns
  1992 | D:3      | Gained mutation: You are partially covered in thin metallic scales. (AC +2) [potion of mutation]
  1992 | D:3      | Gained mutation: You are partially covered in rugged brown scales. (AC +1, +3% HP) [potion of mutation]
  2188 | D:3      | Reached skill level 7 in Stealth
  2245 | D:3      | Noticed WhiffAndRun's ghost (amateur HuWn)
  2321 | D:4      | Noticed Menkaure
  2332 | D:4      | Killed Menkaure
  2332 | D:4      | Reached * piety under Okawaru
  2332 | D:4      | Reached XP level 6. HP: 40/40 MP: 6/8
  2420 | D:4      | Identified Hof Ima's Tome of Beguiling and Poison
  2501 | D:4      | Noticed an orc warrior
  2523 | D:4      | Slain by an orc warrior

Vault maps used:
D:1:      minmay_arrival_jagged
D:2:      okawaru_gym_becter, elyvilon_altar_5
D:3:      lemuel_doored_altar, chequers_ecumenical_altar_simple_redux,
          uniq_grinder
D:4:      eat_drink_and_be_merry_uskayaw, grunt_ministairs_9, uniq_menkaure

Skill      XL: |  1  2  3  4  5 |
---------------+----------------+-----
Dodging        | 2 3 |  3.8
Stealth        | 6 7 |  7.6
Invocations    | 1 3 |  3.2
Fighting       | |  2.4
Short Blades   | |  2.4
Throwing       | |  2.0

Action                   |  1- 3 |  4- 6 || total
-------------------------+-------+-------++-------
Melee: Dagger            |    78 |    96 ||   174
       Constrict         |    14 |    22 ||    36
       Tentacles         |     9 |    15 ||    24
Invok: Heroism           |       |     1 ||     1
  Use: Potion            |     2 |     1 ||     3
       Scroll            |       |     5 ||     5
 Stab: Sleeping          |    13 |    12 ||    25
       Distracted        |       |     1 ||     1
  Eat: Chunk             |       |     4 ||     4
       Fruit             |       |     1 ||     1
Armor: Skin              |     5 |     8 ||    13
Dodge: Dodged            |    59 |    60 ||   119

Table legend:
 A = Spawn XP
 B = Non-spawn XP
 C = Spawn XP percentage of total XP
 D = Spawn monster count
 E = Non-spawn monster count
 F = Spawn count percentage of total count
 G = Total turns spent on level
                    A         B        C        D         E        F      G
               +---------+---------+-------+---------+---------+-------+---------
         Total |       0 |     539 |   0.0 |       0 |      82 |   0.0 |  2523
               +---------+---------+-------+---------+---------+-------+---------
           D:1 |       0 |      34 |   0.0 |       0 |      18 |   0.0 |   529
           D:2 |       0 |      61 |   0.0 |       0 |      27 |   0.0 |  1117
           D:3 |       0 |     130 |   0.0 |       0 |      27 |   0.0 |   644
           D:4 |       0 |     314 |   0.0 |       0 |      10 |   0.0 |   233
               +---------+---------+-------+---------+---------+-------+---------
